Map: Romanticide LE

Players

Rex

  • Race: Zerg Zerg
  • League: Master
  • Spawn Location: 5:00

Nice - Winner!

  • Race: Protoss Protoss
  • Spawn Location: 11:00

Event: DreamHack SC2 Masters 2020 Winter

VOD

Have the link to the VOD?

Description

Time

  • Played on: Oct. 21, 2020, 9:53 a.m.
  • Length: 9:56

All games in this series

Show
View Real Time Build Order
Export as new Build Order

Rex Zerg 

Build Orders: Hatch First 

Get SALT Encoding   

  12  0:00  Drone  
  13  0:12  Overlord  
  13  0:17  Drone  
  14  0:30  Drone x2  
  16  0:47  Hatchery  
  15  0:50  Drone  
  15  0:54  Drone  
  17  0:57  Drone  
  17  1:00  Extractor  
  17  1:13  Spawning Pool  
  17  1:16  Drone  
  17  1:19  Drone  
  18  1:28  Drone  
  19  1:39  Drone  
  20  1:49  Overlord  
  20  2:00  Queen x2  
  26  2:01  Zergling x4  
  26  2:07  Metabolic Boost  
  26  2:11  Drone  
  26  2:14  Drone  
  28  2:21  Drone  
  29  2:23  Drone  
  30  2:37  Hatchery  
  30  2:44  Queen  
  29  2:49  Zergling x4  
  33  2:51  Zergling x2  
  33  2:56  Overlord  
  34  3:02  Drone  
  35  3:15  Drone  
  35  3:16  Drone x6  
  35  3:19  Spore Crawler  
  39  3:27  Queen  
  39  3:33  Drone x2  
  43  3:36  Overlord  
  43  3:48  Spore Crawler  
  42  3:52  Drone, Queen  
  42  3:53  Drone x4  
  49  4:01  Evolution Chamber  
  48  4:03  Drone x3  
  48  4:07  Drone x3  
  54  4:12  Overlord  
  54  4:15  Overlord  
  54  4:23  Extractor  
  53  4:24  Baneling Nest  
  53  4:25  Overlord  
  53  4:31  Zergling x10  
  54  4:39  Zergling x10  
  54  4:43  Spore Crawler  
  58  4:55  Zerg Melee Weapons Level 1, Overlord  
  58  4:56  Zergling x2  
  58  4:57  Zergling x6  
  62  5:00  Zergling x2  
  62  5:01  Spine Crawler  
  62  5:08  Baneling x5  
  62  5:13  Zergling x10  
  63  5:24  Drone x3  
  63  5:29  Zergling x4  
  63  5:32  Zergling x2  
  58  5:36  Zergling x4  
  58  5:42  Zergling x6  
  59  5:50  Zergling x4  
  59  5:51  Zergling x2  
  59  5:54  Baneling x3  
  59  5:55  Zergling x2  
  59  5:57  Zergling x2  
  59  6:02  Zergling x6  
  58  6:04  Zergling x2  
  58  6:14  Zergling x4  
  58  6:15  Zergling x2  
  55  6:30  Zergling x8  
  57  6:45  Zergling x2  
  57  6:46  Zergling x6  
  60  6:49  Zergling x4  
  60  6:51  Zergling x2  
  62  7:07  Drone x6  
  63  7:13  Spore Crawler  
  63  7:14  Drone, Spore Crawler  
  63  7:15  Drone x3  
  64  7:22  Lair  
  64  7:25  Queen  
  64  7:27  Drone  
  66  7:41  Drone x5  
  66  7:43  Extractor  
  68  7:45  Extractor  
  68  7:46  Zerg Missile Weapons Level 1  
  68  7:47  Roach Warren  
  65  7:54  Overlord  
  65  7:55  Overlord  
  65  8:02  Zergling x12  
  71  8:06  Baneling x5  
  71  8:10  Overlord  
  71  8:15  Zergling x8  
Show
View Real Time Build Order
Export as new Build Order

Nice Protoss - Winner!

Build Orders: 1 Gate Expand, Mass Adepts, Zealot Archon 

Get SALT Encoding   

  12  0:00  Probe  
  13  0:12  Probe  
  14  0:19  Pylon  
  14  0:24  Probe  
  15  0:38  Probe (Chrono Boost)  
  15  0:40  Gateway  
  16  0:49  Probe (Chrono Boost)  
  17  0:53  Assimilator  
  17  0:54  Probe (Chrono Boost)  
  19  1:04  Probe  
  19  1:16  Probe  
  20  1:29  Cybernetics Core  
  20  1:37  Nexus  
  20  1:45  Pylon  
  20  1:50  Assimilator  
  20  1:52  Probe  
  21  2:02  Adept (Chrono Boost)  
  21  2:05  Probe  
  21  2:06  Warp Gate  
  24  2:17  Probe  
  25  2:22  Adept (Chrono Boost)  
  25  2:29  Probe  
  28  2:33  Twilight Council  
  28  2:41  Probe  
  28  2:44  Adept (Chrono Boost)  
  29  2:50  Probe  
  32  2:53  Probe  
  33  3:02  Probe  
  33  3:04  Resonating Glaives (Chrono Boost)  
  33  3:05  Adept  
  34  3:07  Pylon, Probe  
  37  3:15  Probe  
  39  3:20  Probe  
  39  3:29  Probe  
  39  3:30  Gateway  
  40  3:34  Gateway  
  40  3:36  Probe  
  41  3:41  Probe  
  42  3:48  Probe  
  42  3:51  Pylon  
  42  3:53  Probe  
  42  3:54  Stalker  
  46  3:59  Gateway  
  46  4:03  Probe  
  46  4:05  Probe  
  48  4:15  Pylon  
  48  4:19  Adept  
  48  4:20  Probe x2  
  48  4:22  Robotics Facility  
  52  4:32  Probe x2  
  52  4:38  Adept x2  
  58  4:41  Adept  
  60  4:48  Pylon, Dark Shrine  
  60  4:57  Assimilator  
  60  4:58  Assimilator  
  60  4:59  Adept x2  
  62  5:00  Adept  
  62  5:03  Adept  
  62  5:04  Probe  
  68  5:07  Warp Prism (Chrono Boost)  
  68  5:11  Probe  
  70  5:16  Probe  
  71  5:25  Probe  
  71  5:28  Probe  
  71  5:34  Adept x4  
  71  5:51  Probe x2  
  71  6:00  Dark Templar x3  
  71  6:03  Probe  
  68  6:14  Immortal  
  68  6:15  Pylon  
  68  6:17  Pylon  
  72  6:20  Dark Templar  
  68  6:27  Charge (Chrono Boost)  
  68  6:31  Gateway  
  68  6:32  Gateway  
  68  6:34  Pylon  
  68  6:35  Dark Templar x2, Pylon  
  70  7:08  Probe x2  
  72  7:09  Immortal (Chrono Boost)  
  72  7:11  Sentry  
  72  7:12  Gateway, Sentry  
  72  7:13  Gateway  
  78  7:20  Archon x2  
  78  7:25  Pylon, Nexus  
  78  7:39  Immortal (Chrono Boost)  
  78  7:41  Sentry  
  78  7:43  Zealot x5  
  94  7:54  Gateway  
  94  7:58  Shield Battery  
  94  8:03  Zealot  
  94  8:04  Dark Templar  
  94  8:05  Dark Templar x2  
  100  8:08  Archon  
  100  8:10  Archon  
  100  8:11  Zealot x4  
Tags
 
Add a new tag
Caveats
  • Supply blocks, unpowered buildings, or Contaminate may cause inaccurate times.
  • Supply counts are checked every 10 seconds.